 Dungeon Crawl Stone Soup version 0.19-a0-1091-g463c9de (webtiles) character file.

114 4thArraOfDagon the Chopper (level 4, 1/41 HPs)
             Began as a Minotaur Berserker on Aug 7, 2016.
             Was a Follower of Trog.
             Quit the game on level 4 of the Dungeon.
             The game lasted 00:01:45 (312 turns).

4thArraOfDagon the Chopper (Minotaur Berserker)      Turns: 312, Time: 00:01:46

Health: 1/41       AC:  2    Str: 23    XL:     4   Next: 66%
Magic:  3/3        EV: 12    Int:  4    God:    Trog [*.....]
Gold:   38         SH:  0    Dex:  9    Spells: 0 memorised, 3 levels left

rFire  . . .     SeeInvis .     a - +0 hand axe
rCold  . . .     Gourm    .     b - +0 animal skin
rNeg   . . .     Faith    .     (no shield)
rPois  .         Spirit   .     (helmet restricted)
rElec  .         Dismiss  .     (no cloak)
rCorr  .         Reflect  .     (no gloves)
SustAt .         Harm     .     (no boots)
MR     .....                    (no amulet)
Stlth  +.........               (no ring)
                                (no ring)

@: lethally poisoned (1 -> -3), exhausted, slowed, very slow
A: retaliatory headbutt, horns 2
a: Berserk, Burn Spellbooks, Renounce Religion


You were on level 4 of the Dungeon.
You worshipped Trog.
Trog was aware of your devotion.
You were not hungry.

You visited 1 branch of the dungeon, and saw 4 of its levels.

You collected 38 gold pieces.

Inventory:

Hand Weapons
 a - a +0 hand axe (weapon)
Armour
 b - a +0 animal skin (worn)
Comestibles
 c - a bread ration
 f - a beef jerky
 h - 2 meat rations


   Skills:
 + Level 4.7 Fighting
 * Level 5.1 Axes
 + Level 3.7 Armour
 - Level 2.1 Dodging


You had 3 spell levels left.
You didn't know any spells.

Dungeon Overview and Level Annotations

Branches:
Dungeon (4/15)
 Temple: D:4-7

Altars:

Shops:
D:4 !


Innate Abilities, Weirdness & Mutations

You reflexively headbutt those who attack you in melee.
You have a pair of horns on your head.


Message History

The worker ant bites you.
Unknown command.
The worker ant bites you.
* * * LOW HITPOINT WARNING * * *
You are poisoned.
The worker ant poisons you!
Unknown command.
You feel sick.
Unknown command.
You feel sick. The worker ant bites you.
* * * LOW HITPOINT WARNING * * *
Unknown command.
The worker ant bites you.
* * * LOW HITPOINT WARNING * * *
* * * LOW HITPOINT WARNING * * *
You feel sick.
The giant gecko hisses menacingly.
The worker ant closely misses you.
Unknown command.
Are you sure you want to abandon this character and quit the game? (Confirm with "yes".)

###.. #.. #. #..
#.#######..
#..........
##..#####... #
...........
#.########..##.#...#
#..@al...#..## #...#
######.###..##.#...#
#.l.............
##.###.#.#.#.#.#
.... #.#.#.#.#.#
###.# #.#.# #.#.# ##
#.# #.#.. #.#.# ..
#.. #.... ..#.# #.
### #.##..###.#


You could see a worker ant and a giant gecko.

Vanquished Creatures
  2 orc priests (D:3)
  A worker ant (D:4)
  An adder (D:3)
  A worm (D:3)
  A dart slug (D:3)
  3 orcs (D:3)
  A bat (D:3)
  A giant cockroach (D:3)
  2 goblins
  A hobgoblin (D:3)
  2 rats (D:3)
16 creatures vanquished.

Notes
Turn   | Place    | Note
-------+----------+-------------------------------------------
     0 | D:1      | 4thArraOfDagon the Minotaur Berserker began the quest for the Orb.
     0 | D:1      | Reached XP level 1. HP: 19/19 MP: 0/0
    64 | D:3      | Found a faded altar of an unknown god.
   122 | D:3      | Reached XP level 2. HP: 24/27 MP: 1/1
   167 | D:3      | Reached skill level 4 in Axes
   167 | D:3      | Reached XP level 3. HP: 33/33 MP: 2/2
   174 | D:3      | Reached XP level 4. HP: 41/41 MP: 3/3
   246 | D:4      | Found Gino's Distillery.
   276 | D:4      | Reached skill level 5 in Axes
   310 | D:4      | HP: 2/41 [worker ant (3)]
   312 | D:4      | Quit the game

Vault maps used:
D:1:      minmay_arrival_floating_metal, st_stairs_1
D:2:      marbit_many_paths, lemuel_doored_altar, uniq_terence, uniq_natasha,
          uniq_sigmund
D:3:      overflow_temple_1_default, ecumenical_altar_1, first_bread
D:4:      serial_shops, nicolae_shop_stone, uniq_menkaure

Skill      XL: |  1  2  3  4 |
---------------+-------------+-----
Fighting       | 4 |  4.7
Axes           | 4 5 |  5.1
Armour         | 3 |  3.7
Dodging        | |  2.1

Action                   |  1- 3 |  4- 6 || total
-------------------------+-------+-------++-------
Melee: Hand axe          |    14 |    10 ||    24
       Headbutt          |     5 |     2 ||     7
Invok: Berserk           |     1 |     1 ||     2
  Use: Scroll            |       |     3 ||     3
       Potion            |       |     1 ||     1
Armor: Animal skin       |       |     3 ||     3
Dodge: Dodged            |    13 |    17 ||    30
